 Dungeon Crawl Stone Soup version 0.30-a0-778-g2ef04afb54 (webtiles) character file.

Game seed: 7535726486623796286

20809 kae the Destroyer (level 12, 0/71 HPs)
             Began as a Gargoyle Earth Elementalist on Feb 16, 2023.
             Was an Elder of Vehumet.
             Slain by a water moccasin (1 damage)
             ... on level 2 of the Lair of Beasts.
             The game lasted 00:13:58 (12897 turns).

kae the Destroyer (Gargoyle Earth Elementalist)    Turns: 12897, Time: 00:13:59

Health: 0/71       AC: 15    Str: 12    XL:     12   Next: 83%
Magic:  4/26       EV: 12    Int: 21    God:    Vehumet [****..]
Gold:   593        SH:  5    Dex: 10    Spells: 8/31 levels left

rFire   . . .      SeeInvis +    q - staff of conjuration {!a}
rCold   . . .      Faith    .    (no shield)
rNeg    + . .      Spirit   .    y - +0 troll leather armour
rPois   ∞          Reflect  +    I - +2 hat
rElec   +          Harm     .    (no cloak)
rCorr   .          Rampage  .    (no gloves)
Will    .....                    e - +0 pair of boots
Stlth   ++                       f - amulet of reflection
HPRegen 1.11/turn                v - ring of see invisible
MPRegen 0.20/turn                (no ring)

@: studying Ranged Weapons
A: sickness immunity, AC +8, negative energy resistance 1, electricity
resistance, torment resistance 1, petrification resistance
a: Renounce Religion


You were on level 2 of the Lair of Beasts.
You worshipped Vehumet.
Vehumet was greatly pleased with you.
You visited 3 branches of the dungeon, and saw 13 of its levels.
You also visited: Sewer and Ossuary.

You collected 665 gold pieces.
You spent 72 gold pieces at shops.


Innate Abilities, Weirdness & Mutations

You are immune to sickness and miasma.
Your stone body is resilient. (AC +8)
You are immune to poison.
You resist negative energy. (rN+)
You are resistant to electric shocks. (rElec)
You are resistant to unholy torment.
You are immune to petrification.


   Skills:
 + Level 6.7 Fighting
 + Level 3.0 Dodging
 - Level 2.1 Stealth
 + Level 10.2 Spellcasting
 * Level 13.8 Conjurations
 - Level 0.7 Transmutations
 + Level 13.3 Earth Magic


You had 8 spell levels left.
You knew the following spells:

 Your Spells              Type           Power      Damage    Failure   Level
a - Sandblast             Erth           100%       2d20      1%          1
b - Stone Arrow           Conj/Erth      100%       3d13      1%          3
c - Passwall              Tmut/Erth      33%        N/A       1%          2
d - Petrify               Tmut/Erth      40%        N/A       4%          4
e - Lee's Rapid Deconstr  Erth           30%        3d16*     1%          5
f - Lehudib's Crystal Sp  Conj/Erth      40%        10d10     45%         8

Your spell library contained the following spells:

 Spells                   Type           Power      Damage    Failure   Level
 Hailstorm                Conj/Ice       56%        3d12      1%          3
 Dazzling Flash           Conj/Hex       100%       N/A       1%          3
 Mephitic Cloud           Conj/Pois/Air  45%        N/A       1%          3
 Fulminant Prism          Conj/Hex       28%        3d14      1%          4
 Iskenderun's Mystic Bla  Conj/Tloc      56%        2d12      1%          4
 Animate Armour           Summ/Erth      76%        N/A       5%          4
 Sting                    Tmut/Pois      48%        1d5       7%          1
 Kindle Blastsparks       Fire/Tloc/Air  20%        2d11      7%          3
 Apportation              Tloc           20%        N/A       9%          1
 Necrotise                Necr           40%        1d6       9%          1
 Summon Small Mammal      Summ           40%        N/A       9%          1
 Agony                    Necr           10%        N/A       92%         5
 Silence                  Hex/Air        5%         N/A       92%         5
 Summon Mana Viper        Hex/Summ       10%        N/A       92%         5
 Dragon's Call            Summ           5%         N/A       100%        9

Inventory:

Missiles
 g - 9 poisoned darts
 h - a curare-tipped dart {=f}
 A - 32 stones
 J - 5 javelins
Armour
 e - a +0 pair of boots (worn)
   (You found it on level 2 of the Dungeon)
 y - a +0 troll leather armour (worn)
   (You found it on level 6 of the Dungeon)
 I - a +2 hat (worn)
   (You found it on level 9 of the Dungeon)
Magical Staves
 q - a staff of conjuration (weapon) {!a}
   (You acquired it on level 3 of the Dungeon)
Jewellery
 c - a ring of ice
   (You found it on level 1 of the Lair of Beasts)
 f - an amulet of reflection (around neck)
   (You found it on level 1 of the Dungeon)
 v - a ring of see invisible (left hand)
   (You found it on level 9 of the Dungeon)
 C - a ring of ice
   (You found it on level 6 of the Dungeon)
Wands
 a - a wand of flame (24)
   (You found it on level 6 of the Dungeon)
 b - a wand of polymorph (4)
   (You found it on level 9 of the Dungeon)
 d - a wand of digging (6)
   (You found it on level 4 of the Dungeon)
 G - a wand of roots (5)
   (You found it on level 9 of the Dungeon)
 K - a wand of light (3)
   (You took it off Urug on level 1 of the Lair of Beasts)
 O - a wand of mindburst (4)
   (You found it on level 1 of the Lair of Beasts)
Scrolls
 o - 4 scrolls of blinking {!r}
 p - 5 scrolls of teleportation {@r4}
 r - 2 scrolls of vulnerability {!r!r}
 s - a scroll of enchant armour
 w - a scroll of fog
 B - 2 scrolls of identify {@r1}
 E - 2 scrolls of fear
 H - a scroll of torment {!r}
 M - a scroll of enchant weapon
Potions
 i - 3 potions of attraction {!q}
 j - 3 potions of haste {@q3}
 k - 7 potions of curing {@q1}
 l - 4 potions of mutation {!q}
 m - 2 potions of might
 n - 3 potions of flight
 t - 2 potions of invisibility
 u - 2 potions of resistance
 z - 3 potions of brilliance
 D - 3 potions of lignification {!q}
 F - 2 potions of cancellation
 L - a potion of degeneration {!q}
 N - 7 potions of heal wounds {@q2}

Dungeon Overview and Level Annotations

Branches:
Dungeon (10/15) Zot: 26157  Temple (1/1) D:5 Zot: 5913    Lair (2/5) D:10 Zot: 10751
 Shoals (0/4) Lair:2          Orc (0/2) D:10          Sewer (visited)
Ossuary (visited)
  Snake: Lair:2-3    Spider: Lair:2-3

Altars:
Ashenzari
Cheibriados
Dithmenos
Elyvilon
Fedhas
Gozag
Hepliaklqana
Kikubaaqudgha
Makhleb
Nemelex Xobeh
Okawaru
Qazlal
Ru
Sif Muna
Trog
Uskayaw
Vehumet
Wu Jian
Xom
Yredelemnul
Zin
The Shining One

Shops:
D:2 ?

Portals:
Gauntlet: Lair:2

Annotations:
D:3 3 runed translucent doors, Shym's ghost, weakling HOFE

,,,,,,,..~~.≈~~~~~~~~~**
,,,,,,~..~~~~~~~~~~****
~≈~~~~~~~≈~~~~~###** **# ***
~~~~~~~~~~~~~.##.#####.#*****,***
~~~~~~~~~................,,,,,,,,
....,,,..................,,,,,,,,
..,,,,,,...#.......##...#******,,
##+.,,,P........h...#...###,**,,*
....,,,....#...S@.......#..,,,,,,
,,,,,,,+...#....S...#....#.,,,,,*
..,,,,,#,...............#......,,
...,,,,*...#........#..........,*
....,,,*............P...#,...###*
####****##...###........##.....#*
.,,,,,,,,....,#.................,
#,******,...*##..$..............,
,,,,,,,,*****#..................,


You could see a polar bear and 2 water moccasins.


Message History

The polar bear bites you!
* * * LOW HITPOINT WARNING * * *
You block the polar bear's attack. The polar bear barely misses you.
The water moccasin moves out of view. 😨 HP[-11] MP[-1]
You take 11 damage, and now have 32/71 hp.
You lost 1 mp, and now have 6/26 mp.
Casting: Sandblast (safe; 1% risk of failure)
Confirm with . or Enter, or press ? or * to list all spells.
Aiming: Sandblast (safe; 1% risk of failure)
Press: ? - help, Shift-Dir - straight line, f/p - water moccasin
Aim: a water moccasin (heavily wounded, 76% to hit)
The blast of sand hits the water moccasin!!
You kill the water moccasin!
Vehumet accepts your kill. The water moccasin bites you.
* * * LOW HITPOINT WARNING * * *
The polar bear barely misses you.
The polar bear claws you but does no damage.
The polar bear barely misses you. You block the water moccasin's attack.
The polar bear bites you but does no damage.
The polar bear claws you but does no damage.
The polar bear completely misses you. The water moccasin bites you.
* * * LOW HITPOINT WARNING * * *
😨 HP[-9]
You take 9 damage, and now have 23/71 hp.
Unknown command.
Casting: Sandblast (safe; 1% risk of failure)
Confirm with . or Enter, or press ? or * to list all spells.
Aiming: Sandblast (safe; 1% risk of failure)
Press: ? - help, Shift-Dir - straight line, f - naga simulacrum
Aim: a naga simulacrum (95% to hit)
The blast of sand hits the naga simulacrum.
The water moccasin bites you but does no damage.
You block the polar bear's attack. The polar bear barely misses you.
The polar bear closely misses you.
The naga simulacrum closely misses you. x2
The water moccasin misses you. The polar bear bites you!
* * * LOW HITPOINT WARNING * * *
You block the polar bear's attack.
The polar bear claws you but does no damage.
The naga simulacrum hits you but does no damage.
The naga simulacrum grabs you. The naga simulacrum constricts you.
The water moccasin bites you but does no damage. 😨 HP[-5] MP[-1]
You take 5 damage, and now have 18/71 hp.
You lost 1 mp, and now have 5/26 mp.
Casting: Sandblast (safe; 1% risk of failure)
Confirm with . or Enter, or press ? or * to list all spells.
Aiming: Sandblast (safe; 1% risk of failure)
Press: ? - help, Shift-Dir - straight line, f/p - naga simulacrum
Aim: a naga simulacrum (moderately damaged, constricting you, 95% to hit)
The blast of sand hits the naga simulacrum!!
Vehumet accepts your kill.
You feel your power returning.
The water moccasin hisses angrily.
You feel yourself speed up.
The water moccasin bites you but does no damage.
The polar bear bites you but does no damage.
The polar bear claws you but does no damage.
The polar bear closely misses you. The water moccasin barely misses you.
The polar bear bites you but does no damage.
The polar bear claws you but does no damage. x2
The water moccasin completely misses you.
The polar bear barely misses you.
The polar bear claws you but does no damage.
You block the polar bear's attack. 😨 HP[+3] MP[+1]
You regained 3 hp, and now have 21/71 hp.
Unknown command.
Casting: Sandblast (safe; 1% risk of failure)
Confirm with . or Enter, or press ? or * to list all spells.
Aiming: Sandblast (safe; 1% risk of failure)
Press: ? - help, Shift-Dir - straight line, f - polar bear
Aim: a polar bear (89% to hit)
The blast of sand hits the polar bear!!
The water moccasin barely misses you. The polar bear bites you.
* * * LOW HITPOINT WARNING * * *
The polar bear claws you.
* * * LOW HITPOINT WARNING * * *
The polar bear claws you.
* * * LOW HITPOINT WARNING * * *
The water moccasin bites you but does no damage. 😨 HP[-3] MP[-1]
You take 3 damage, and now have 18/71 hp.
You lost 1 mp, and now have 5/26 mp.
Unknown command.
Casting: Sandblast (safe; 1% risk of failure)
Confirm with . or Enter, or press ? or * to list all spells.
Aiming: Sandblast (safe; 1% risk of failure)
Press: ? - help, Shift-Dir - straight line, f/p - polar bear
Aim: a polar bear (heavily wounded, 89% to hit)
The blast of sand hits the polar bear!
The water moccasin bites you.
* * * LOW HITPOINT WARNING * * *
You block the water moccasin's attack. The polar bear bites you!
* * * LOW HITPOINT WARNING * * *
The polar bear claws you.
* * * LOW HITPOINT WARNING * * *
The polar bear misses you. The water moccasin bites you.
You die...

Skill      XL: |  1  2  3  4  5  6  7  8  9 10 11 12 |
---------------+-------------------------------------+-----
Earth Magic    | 4 5 6 7 9 10 11 12 13 | 13.3
Conjurations   | 1 2 3 5 7 8 10 12 13 | 13.8
Spellcasting   | 3 4 5 6 7 8 9 10 | 10.2
Fighting       | 2 5 6 |  6.7
Dodging        | 3 |  3.0
Stealth        | |  2.1
Transmutations | |  0.7

Action                     |  1- 3 |  4- 6 |  7- 9 | 10-12 || total
---------------------------+-------+-------+-------+-------++-------
  Melee: Unarmed           |    32 |    17 |       |       ||    49
         Staff             |       |       |    21 |     3 ||    24
   Cast: Sandblast         |    61 |   129 |   131 |   206 ||   527
         Stone Arrow       |       |       |    47 |   139 ||   186
    Use: Scroll            |    11 |     8 |     4 |     7 ||    30
         Potion            |       |     1 |     1 |     3 ||     5
 Armour: Robe              |    15 |    31 |    43 |       ||    89
         Troll leather arm |       |       |    17 |   129 ||   146
  Dodge: Dodged            |    27 |    68 |    73 |   114 ||   282
  Block: Other             |    11 |    23 |    27 |    59 ||   120
         Reflection        |       |     2 |     1 |     3 ||     6

Levels and vault maps discovered:
D:1:      minmay_arrival_four_loops, layout_loops_ring,
          hangedman_abyss_or_decor_lesser_grid, minmay_tripent
D:2:      kennysheep_big_flooded_room, layout_basic,
          nicolae_ecumenical_lake_church, serial_shops, shop, nicolae_wormholes
D:3:      layout_rooms, biasface_ghost_orc_armoury, lightli_sewer_entry_pipes,
          amcnicky_mini_rare_corridor_liquid, kennysheep_generic_room_13
D:4:      layout_basic
D:5:      layout_rooms, minmay_temple_entry_statues_pillars, enter_ossuary_2,
          dk_vineyard_3
D:6:      layout_cave_pods, minmay_manual_mandibuliform
D:7:      layout_gridville
D:8:      minmay_skewed_foursquare, layout_basic, trog_three_pillars_becter
D:9:      layout_roguey, pdpol_temple_overflow_zin_treasury_gozag_greed,
          kennysheep_little_box, minmay_shattered_shrine
D:10:     layout_rooms, mainiacjoe_overflow_tiny_flanked,
          mainiacjoe_overflow_big_doors, david_lair_generic,
          minmay_orc_entry_temple_small
Temple:   hellmonk_temple_of_storms
Lair:1:   layout_roguey, uniq_urug
Lair:2:   dreamdust_isle_of_ice, layout_regular_city, elwin_shoals_entry_rooms,
          ebering_ghost_disaster_area, gauntlet_entry_generic,
          beast_lair_carwin_8

Notes
Turn   | Place    | Note
-------+----------+-------------------------------------------
     0 | D:1      | kae the Gargoyle Earth Elementalist began the quest for the
                  | Orb.
     0 | D:1      | Reached XP level 1. HP: 10/10 MP: 3/3
     0 | D:1      | magus.rc [v1.11.3]
   140 | D:1      | You pick up a book of Cantrips and begin reading...
   140 | D:1      | You add the spells Necrotise, Summon Small Mammal and
                  | Apportation to your library.
   245 | D:1      | Reached XP level 2. HP: 15/15 MP: 3/5
   257 | D:1      | Reached skill level 4 in Earth Magic
   570 | D:1      | Reached XP level 3. HP: 19/19 MP: 4/6
   574 | D:1      | Learned a level 3 spell: Stone Arrow
   577 | D:1      | Learned a level 2 spell: Passwall
  1027 | D:2      | Found a faded altar of an unknown god.
  1102 | D:2      | Found Iwkoig's Magic Scroll Emporium.
  1107 | D:2      | Bought 2 scrolls of identify for 48 gold pieces
  1107 | D:2      | Bought a scroll of identify for 24 gold pieces
  1242 | D:2      | Reached skill level 1 in Conjurations
  1381 | D:2      | Reached XP level 4. HP: 24/24 MP: 6/8
  1476 | D:2      | You pick up a book of Armaments and begin reading...
  1476 | D:2      | You add the spells Animate Armour and Lehudib's Crystal
                  | Spear to your library.
  1683 | D:2      | Reached skill level 3 in Spellcasting
  2000 | D:3      | Reached skill level 5 in Earth Magic
  2044 | D:3      | Reached skill level 2 in Conjurations
  2044 | D:3      | Reached XP level 5. HP: 28/28 MP: 4/9
  2114 | D:3      | Found a glowing drain.
  2119 | Sewer    | Entered a sewer
  2230 | Sewer    | Noticed a kobold brigand
  2241 | Sewer    | Killed a kobold brigand
  2330 | Sewer    | Reached XP level 6. HP: 32/32 MP: 8/11
  2380 | Sewer    | Reached skill level 3 in Conjurations
  2636 | Sewer    | Learned a level 4 spell: Petrify
  3044 | D:3      | Found a runed translucent gate.
  3045 | D:3      | Found a runed translucent gate.
  3045 | D:3      | Noticed Shym's ghost (weakling HOFE)
  3046 | D:3      | Found a runed translucent gate.
  3371 | D:3      | Identified a scroll of acquirement
  3371 | D:3      | Acquired a staff of conjuration
  3776 | D:4      | Reached skill level 4 in Spellcasting
  4074 | D:5      | Entered Level 5 of the Dungeon
  4077 | D:5      | Reached skill level 6 in Earth Magic
  4145 | D:5      | Reached XP level 7. HP: 36/36 MP: 5/13
  4174 | D:5      | Found a sand-covered staircase.
  4208 | Ossuary  | Entered an ossuary
  4313 | Ossuary  | Reached skill level 4 in Conjurations
  4829 | D:5      | Found a staircase to the Ecumenical Temple.
  4855 | D:5      | Reached skill level 7 in Earth Magic
  4891 | D:5      | Reached skill level 5 in Spellcasting
  4891 | D:5      | Reached skill level 5 in Conjurations
  4891 | D:5      | Reached XP level 8. HP: 24/41 MP: 8/15
  5074 | D:5      | You pick up a book of Blasting and begin reading...
  5074 | D:5      | You add the spells Kindle Blastsparks, Fulminant Prism,
                  | Iskenderun's Mystic Blast and Lee's Rapid Deconstruction to
                  | your library.
  5196 | Temple   | Entered the Ecumenical Temple
  5264 | Temple   | Became a worshipper of Vehumet
  5453 | D:5      | Reached skill level 6 in Conjurations
  5453 | D:5      | Reached skill level 8 in Earth Magic
  5569 | D:5      | Learned a level 5 spell: Lee's Rapid Deconstruction
  5675 | D:6      | Reached skill level 6 in Spellcasting
  5843 | D:6      | Noticed a gargoyle
  5847 | D:6      | Killed a gargoyle
  5848 | D:6      | Reached skill level 7 in Conjurations
  5848 | D:6      | Reached skill level 9 in Earth Magic
  5848 | D:6      | Reached XP level 9. HP: 45/45 MP: 5/18
  5939 | D:6      | Noticed a troll
  5947 | D:6      | Killed a troll
  6068 | D:6      | You add the spells Sting, Mephitic Cloud, Summon Mana Viper
                  | and Dragon's Call to your library.
  6068 | D:6      | Got the Quarto of Phantasmal Corruption
  6524 | D:6      | Reached skill level 7 in Spellcasting
  6731 | D:6      | Reached * piety under Vehumet
  6731 | D:6      | Offered knowledge of Foxfire by Vehumet.
  7131 | D:7      | Reached skill level 8 in Conjurations
  7173 | D:7      | You pick up a book of the Senses and begin reading...
  7173 | D:7      | You add the spells Dazzling Flash, Agony and Silence to
                  | your library.
  7232 | D:7      | Reached skill level 10 in Earth Magic
  7342 | D:7      | You pick up a book of Cantrips and begin reading...
  7360 | D:7      | Reached XP level 10. HP: 50/50 MP: 11/21
  8106 | D:8      | Learned a level 8 spell: Lehudib's Crystal Spear
  8151 | D:8      | Reached ** piety under Vehumet
  8178 | D:8      | Killed an unseen horror
  8178 | D:8      | Offered knowledge of Static Discharge by Vehumet.
  8179 | D:8      | Reached skill level 8 in Spellcasting
  8179 | D:8      | Reached skill level 9 in Conjurations
  8214 | D:8      | Noticed a two-headed ogre
  8224 | D:8      | Killed a two-headed ogre
  8225 | D:8      | Reached skill level 11 in Earth Magic
  8396 | D:8      | Reached skill level 10 in Conjurations
  8694 | D:8      | Found a bloodstained altar of Trog.
  8840 | D:8      | Reached skill level 1 in Fighting
  9208 | D:9      | Noticed a two-headed ogre
  9210 | D:9      | Noticed a gargoyle
  9218 | D:8      | Killed a two-headed ogre
  9219 | D:8      | Reached skill level 2 in Fighting
  9334 | D:9      | Reached XP level 11. HP: 57/57 MP: 13/23
  9345 | D:9      | Offered knowledge of Scorch by Vehumet.
  9394 | D:9      | Reached skill level 11 in Conjurations
  9481 | D:9      | Reached skill level 3 in Fighting
  9554 | D:9      | Reached *** piety under Vehumet
  9680 | D:9      | Noticed a two-headed ogre
  9694 | D:9      | Killed a two-headed ogre
  9695 | D:9      | Reached skill level 9 in Spellcasting
  9697 | D:9      | HP: 12/60 [meliai/divine providence (15)]
  9699 | D:9      | Reached skill level 12 in Earth Magic
  9898 | D:9      | Found an ornate altar of the Wu Jian Council.
 10048 | D:9      | Found an opulent altar of Gozag.
 10163 | D:9      | Found a glowing silver altar of Zin.
 10207 | D:9      | Noticed a tengu warrior
 10207 | D:9      | Noticed a seven-headed hydra
 10208 | D:9      | Noticed a centaur warrior
 10212 | D:9      | HP: 9/60 [seven-headed hydra (8)]
 10212 | D:9      | HP: 2/60 [seven-headed hydra (7)]
 10213 | D:9      | Killed a seven-headed hydra
 10214 | D:9      | Reached skill level 4 in Fighting
 10218 | D:9      | Killed a centaur warrior
 10222 | D:9      | HP: 8/62 [tengu warrior/+2 dire flail of holy wrath (17)]
 10227 | D:9      | Killed a tengu warrior
 10228 | D:9      | Reached skill level 12 in Conjurations
 10366 | D:9      | Noticed a centaur warrior
 10514 | D:9      | Killed a centaur warrior
 10765 | D:9      | Offered knowledge of Ignite Poison by Vehumet.
 10872 | D:10     | Entered Level 10 of the Dungeon
 10872 | D:10     | Found a glowing golden altar of the Shining One.
 10953 | D:10     | Found a staircase to the Lair.
 10962 | D:10     | Reached skill level 5 in Fighting
 10970 | D:10     | Reached XP level 12. HP: 63/68 MP: 12/25
 11144 | D:10     | Found a staircase to the Orcish Mines.
 11300 | D:10     | Reached **** piety under Vehumet
 11563 | D:10     | Found a shimmering blue altar of Sif Muna.
 11570 | D:10     | Found a blossoming altar of Fedhas.
 11600 | Lair:1   | Entered Level 1 of the Lair of Beasts
 11614 | Lair:1   | Offered knowledge of Hailstorm by Vehumet.
 11785 | Lair:1   | Noticed Urug
 11792 | Lair:1   | Killed Urug
 11793 | Lair:1   | Reached skill level 13 in Conjurations
 11924 | Lair:1   | Reached skill level 6 in Fighting
 11928 | Lair:1   | Reached skill level 2 in Dodging
 12085 | Lair:1   | Reached skill level 13 in Earth Magic
 12368 | Lair:1   | Reached skill level 10 in Spellcasting
 12815 | Lair:2   | Noticed an ice dragon
 12852 | Lair:2   | Found a gate leading to a gauntlet.
 12892 | Lair:2   | Reached skill level 3 in Dodging
 12897 | Lair:2   | HP: 5/71 [polar bear (13)]
 12897 | Lair:2   | HP: 1/71 [polar bear (4)]
 12897 | Lair:2   | Slain by a water moccasin

Vanquished Creatures
  A hydra (D:9)
  2 centaur warriors (D:9)
  3 two-headed ogres
  Urug (Lair:1)
  A tengu warrior (D:9)
  An elephant (D:10)
  A black mamba (Lair:1)
  An unseen horror (D:8)
  2 gargoyles
  2 komodo dragons
  2 rime drakes (Lair:2)
  A cane toad (Lair:1)
  A freezing wraith (Lair:2)
  A troll (D:6)
  A meliai (D:9)
  2 polar bears
  3 blink frogs (Lair:2)
  A shadow (D:10)
  A vampire (D:9)
  2 basilisks
  6 wyverns
  25 yaks
  3 steam dragons
  2 acid dragons
  8 water moccasins
  2 orc warriors
  3 ice beasts
  2 sky beasts
  5 black bears
  A wolf (Lair:2)
  2 ogres (D:6)
  2 phantoms (D:5)
  2 centaurs
  5 kobold brigands
  6 bullfrogs
  A gnoll sergeant (D:10)
  3 necrophages
  3 scorpions
  8 wights (D:9)
  21 killer bees
  A centaur zombie (Ossuary)
  2 human zombies (Ossuary)
  A jelly (D:5)
  3 orc priests
  A gnoll bouda (D:6)
  3 hounds
  3 iguanas
  3 orc wizards
  A polar bear simulacrum (Lair:2)
  3 hound zombies (Ossuary)
  3 mummies (Ossuary)
  14 adders
  13 gnolls
  A naga simulacrum (Lair:2)
  7 river rats
  A shadow imp (D:5)
  A white imp (D:7)
  A howler monkey simulacrum (D:9)
  2 ufetubi
  4 adder zombies (Ossuary)
  7 worms
  3 dart slugs
  23 orcs
  8 endoplasms
  4 giant cockroaches
  2 gnoll zombies (Ossuary)
  11 goblins
  7 hobgoblins
  10 jackals
  3 quokkas
  6 ball pythons
  6 bats
  2 frilled lizards
  5 goblin zombies (Ossuary)
  2 hobgoblin zombies (Ossuary)
  3 jackal zombies (Ossuary)
  29 kobolds
  4 kobold zombies (Ossuary)
  2 orc zombies (Ossuary)
  3 quokka zombies (Ossuary)
  10 rats
  2 rat zombies (Ossuary)
360 creatures vanquished.

Vanquished Creatures (others)
  9 fungi
  15 plants
24 creatures vanquished.

Grand Total: 384 creatures vanquished

Table legend:
 A = Non-vault XP
 B = Vault XP
 C = Vault XP percentage of total XP
 D = Non-vault monster count
 E = Vault monster count
 F = Vault count percentage of total count
                 A         B        C        D         E       F
            +---------+---------+-------+---------+---------+-------
      Total |   18297 |   11431 |  38.5 |     247 |     113 |  31.4
            +---------+---------+-------+---------+---------+-------
        D:1 |      33 |       3 |   8.3 |      22 |       2 |   8.3
        D:2 |      51 |      30 |  37.0 |      15 |       5 |  25.0
        D:3 |      72 |      97 |  57.4 |      26 |      13 |  33.3
        D:4 |     148 |       0 |   0.0 |      13 |       0 |   0.0
        D:5 |     996 |       0 |   0.0 |      22 |       0 |   0.0
        D:6 |    1243 |     708 |  36.3 |      23 |       6 |  20.7
        D:7 |    1230 |       0 |   0.0 |      17 |       0 |   0.0
        D:8 |    3195 |     842 |  20.9 |      24 |       7 |  22.6
        D:9 |    2605 |    5369 |  67.3 |      28 |      13 |  31.7
       D:10 |    1480 |    1118 |  43.0 |      25 |      10 |  28.6
     Lair:1 |    5602 |    1111 |  16.5 |      26 |       2 |   7.1
     Lair:2 |    1642 |    1708 |  51.0 |       6 |       9 |  60.0
      Sewer |       0 |     155 | 100.0 |       0 |      10 | 100.0
    Ossuary |       0 |     290 | 100.0 |       0 |      36 | 100.0
            +---------+---------+-------+---------+---------+-------

Illustrated notes

Table legend:
 A = Kills in this place as a percentage of kills in entire the game.
 B = Kills by you in this place as a percentage of kills by you in the entire game.
 C = Kills by friends in this place as a percentage of kills by friends in the entire game.
 D = Other kills in this place as a percentage of other kills in the entire game.
 E = Experience gained in this place as a percentage of experience gained in the entire game.
 F = Experience gained in this place divided by the number of levels of this place that you have seen.
                   A       B       C       D       E      F
               +-------+-------+-------+-------+-------+----------------------
         Total | 100.0 | 100.0 |   N/A |   N/A | 100.0 | 1981.9
       Dungeon |  75.3 |  75.3 |   N/A |   N/A |  64.7 | 1922.0
          Lair |  11.9 |  11.9 |   N/A |   N/A |  33.9 | 5031.5
         Sewer |   2.8 |   2.8 |   N/A |   N/A |   0.5 | 155.0
       Ossuary |  10.0 |  10.0 |   N/A |   N/A |   1.0 | 290.0
               +-------+-------+-------+-------+-------+----------------------

Table legend: (Time is in decaauts)
 A = Elapsed time spent in this place.
 B = Non-inter-level travel time spent in this place.
 C = Inter-level travel time spent in this place.
 D = Time resting spent in this place.
 E = Time spent auto-exploring this place.
 F = Levels seen in this place.
 G = Mean time per level.
                   A        B        C        D        E       F      G
               +--------+--------+--------+--------+--------+-----+--------+
         Total |  13313 |  12875 |    438 |    446 |  10284 |  15 |  887.5 |
       Dungeon |  10659 |  10312 |    347 |    395 |   8322 |  10 | 1065.9 |
        Temple |     86 |     50 |     36 |      0 |     35 |   1 |   86.0 |
          Lair |   1246 |   1193 |     53 |      0 |    934 |   2 |  623.0 |
         Sewer |    673 |    673 |      0 |     17 |    525 |   1 |  673.0 |
       Ossuary |    647 |    647 |      0 |     34 |    467 |   1 |  647.0 |
               +--------+--------+--------+--------+--------+-----+--------+

Top non-repeatable levels by time:
     D:9: 1573 daAuts
     D:6: 1439 daAuts
     D:8: 1310 daAuts
  Lair:1: 1128 daAuts
     D:1: 1065 daAuts
     D:7: 1019 daAuts
     D:3: 990 daAuts
     D:2: 897 daAuts
    D:10: 842 daAuts
     D:5: 780 daAuts
     D:4: 739 daAuts
   Sewer: 673 daAuts
 Ossuary: 647 daAuts
  Lair:2: 118 daAuts
  Temple: 86 daAuts
